 Dungeon Crawl Stone Soup version 0.22.1-2-g9c5b331383 (webtiles) character file.

5328 Marnok the Carver (level 10, 0/77 HPs)
             Began as a Human Fighter on Dec 29, 2018.
             Slain by a wolf (2 damage)
             ... led by Grum
             ... on level 8 of the Dungeon.
             The game lasted 00:40:09 (8179 turns).

Marnok the Carver (Human Fighter)                   Turns: 8179, Time: 00:40:10

Health: 0/77       AC: 15    Str: 17    XL:     10   Next: 96%
Magic:  10/10      EV:  6    Int:  9    God:
Gold:   167        SH: 12    Dex: 17    Spells: 9/9 levels left

rFire    . . .     SeeInvis .   a - +1 long sword
rCold    . . .     Gourm    .   E - +2 buckler
rNeg     . . .     Faith    .   g - +0 plate armour
rPois    +         Spirit   .   (no helmet)
rElec    .         Reflect  .   z - +1 cloak {+Inv}
rCorr    .         Harm     .   (no gloves)
MR       .....                  (no boots)
Stlth    ..........             (no amulet)
HPRegen  0.22/turn              (no ring)
MPRegen  0.12/turn              D - ring of poison resistance

@: berserk cooldown, slowed, very slow
A: large bone plates 1, thin skeletal structure 1
a: Evoke Invisibility


You were on level 8 of the Dungeon.
You were not hungry.

You visited 1 branch of the dungeon, and saw 9 of its levels.

You collected 426 gold pieces.
You spent 259 gold pieces at shops.

Inventory:

Hand Weapons
 a - a +1 long sword (weapon)
 e - a +1 trident of venom
 h - a +1 halberd of flaming
 k - a cursed -2 spear
 t - a +0 shortbow of freezing
 y - a +2 quarterstaff of chaos
Missiles
 u - 11 tomahawks (quivered)
 v - 49 arrows
Armour
 b - a +0 scale mail
 c - a +0 shield
 g - a +0 plate armour (worn)
 j - a +0 pair of gloves
 p - a +2 robe of fire resistance
 z - a +1 cloak of invisibility (worn)
 E - a +2 buckler (worn)
 F - a +0 robe of cold resistance
Magical Staves
 H - an uncursed staff of conjuration {unknown}
Jewellery
 i - an uncursed ring of attention
 D - a ring of poison resistance (right hand)
Wands
 d - a wand of polymorph (5)
 o - a wand of digging (10)
 G - a wand of random effects (21)
 I - a wand of disintegration (8)
Scrolls
 m - 3 scrolls of remove curse
 n - a scroll of magic mapping
 q - a scroll of identify
 w - a scroll of fog
 C - a scroll of immolation
Potions
 r - a potion of brilliance
 x - 2 potions of berserk rage
 A - a potion of flight
 L - a potion of haste
Comestibles
 f - 12 rations


   Skills:
 + Level 6.7 Fighting
 + Level 9.8 Long Blades
 + Level 7.4 Armour
 + Level 1.8 Dodging
 + Level 1.5 Stealth
 + Level 8.3 Shields
 + Level 0.3 Unarmed Combat
 + Level 0.4 Evocations


You had 9 spell levels left.
You didn't know any spells.
Your spell library contained the following spells:

 Spells                   Type           Power        Failure   Level  Hunger
 Apportation              Tloc           #.....       100%        1    ##.....
 Summon Butterflies       Summ           #.......     100%        1    ##.....
 Lesser Beckoning         Tloc           #.........   100%        3    ####...
 Tukima's Dance           Hex            #.......     100%        3    ####...
 Alistair's Intoxication  Tmut/Pois      #.......     100%        5    ######.
 Invisibility             Hex            #.......     100%        6    #######


Dungeon Overview and Level Annotations

Branches:
Dungeon (9/15)             Temple (0/1) D:5
   Lair: D:8-11         Orc: D:9-12

Altars:
Cheibriados
Nemelex Xobeh
Qazlal
Sif Muna
Wu Jian
Yredelemnul

Shops:
D:6 ?   D:7 (

Annotations:
D:8 Grum


Innate Abilities, Weirdness & Mutations

You are partially covered in large bone plates. (SH +4)
You have a somewhat thin skeletal structure. (Dex +2, Stealth)


Message History

You kill the two-headed ogre!
The quokka barely misses you.
The iguana bites you but does no damage.
You closely miss the iguana.
The wolf howls!
You block the quokka's attack.
You barely miss the iguana. You block the iguana's attack.
The quokka twitches its whiskers.
The quokka bites you but does no damage.
You slice the iguana!!
You kill the iguana!
You slash the quokka!
You kill the quokka!
The wolf howls!
You feel a strong urge to attack something.
You are no longer berserk.
You are exhausted.
You feel yourself slow down. The wolf bites you.
You die...

....#.P.P## .......#..###...
....#..._# #.#... .........
....##..##########...#########.##
#######.#..........g..# ....
#...............# ##...
#............)††# ..
#..........h..>.#
#..........h....# #
#.........@.....# .
#...............#
#######...............#
......................#
.........########...###
.........# #...# .........# #...#
...._....# #...# .........# #...#


You could see Grum and 2 wolves.

Vanquished Creatures
  A two-headed ogre (D:8)
  Grinder (D:3)
  2 hippogriffs
  Sigmund (D:6)
  2 water moccasins
  An eye of draining (D:6)
  4 orc warriors
  An ice beast (D:7)
  2 sky beasts
  2 phantoms (D:7)
  4 ogres
  2 centaurs
  2 wolves (D:8)
  A gnoll sergeant (D:6)
  5 bullfrogs
  2 scorpions (D:7)
  7 howler monkeys
  5 crimson imps
  3 jellies
  3 orc priests
  Crazy Yiuf (D:3)
  5 hounds
  4 bullfrog skeletons
  A centaur skeleton (D:4)
  9 orc wizards
  Terence (D:2)
  2 iguanas
  6 worker ants
  2 hound skeletons (D:7)
  3 hound zombies
  A worker ant zombie (D:6)
  9 adders
  8 gnolls
  An ooze (D:7)
  3 adder zombies
  2 adder skeletons
  3 worms
  2 dart slugs
  A leopard gecko (D:3)
  22 orcs
  5 giant cockroaches
  8 goblins
  3 hobgoblins
  10 jackals
  7 quokkas
  4 bats
  7 frilled lizards
  A jackal skeleton (D:8)
  5 kobolds
  A quokka skeleton (D:6)
  A butterfly (D:5)
  A plant (D:8)
190 creatures vanquished.

Notes
Turn   | Place    | Note
-------+----------+-------------------------------------------
     0 | D:1      | Marnok the Human Fighter began the quest for the Orb.
     0 | D:1      | Reached XP level 1. HP: 18/18 MP: 1/1
   135 | D:1      | Reached XP level 2. HP: 23/24 MP: 2/2
   619 | D:1      | Reached XP level 3. HP: 28/29 MP: 3/3
  1294 | D:2      | Noticed Terence
  1329 | D:2      | HP: 1/29 [something (2)]
  1330 | D:2      | Gained mutation: Scrolls take you a little longer to read.
                  | [potion of mutation]
  1330 | D:2      | Gained mutation: Your natural rate of healing is unusually
                  | fast. [potion of mutation]
  1468 | D:2      | Killed Terence
  1468 | D:2      | Reached XP level 4. HP: 37/37 MP: 4/4
  1554 | D:3      | Noticed a bullfrog
  1564 | D:3      | Killed a bullfrog
  1564 | D:3      | Reached skill level 3 in Long Blades
  1564 | D:3      | Reached XP level 5. HP: 28/42 MP: 5/5
  1599 | D:3      | Found a sparkling altar of Nemelex Xobeh.
  1851 | D:4      | Reached XP level 6. HP: 45/48 MP: 6/6
  1860 | D:5      | Entered Level 5 of the Dungeon
  2019 | D:3      | Noticed Grinder
  2038 | D:3      | Paralysed by Grinder for 7 turns
  2054 | D:3      | Killed Grinder
  2054 | D:3      | Reached skill level 4 in Long Blades
  2054 | D:3      | Reached XP level 7. HP: 18/54 MP: 7/7
  2165 | D:3      | Found a runed door.
  2169 | D:3      | Noticed Crazy Yiuf
  2179 | D:3      | Killed Crazy Yiuf
  2558 | D:4      | Found a deep blue altar of Sif Muna.
  3138 | D:5      | Reached skill level 5 in Long Blades
  3142 | D:5      | Reached XP level 8. HP: 46/61 MP: 8/8
  3175 | D:5      | Reached skill level 5 in Shields
  3199 | D:5      | Found a staircase to the Ecumenical Temple.
  3335 | D:5      | Reached skill level 5 in Armour
  3344 | D:5      | Reached skill level 6 in Long Blades
  3446 | D:6      | Reached skill level 5 in Fighting
  3945 | D:7      | Reached skill level 1 in Dodging
  3963 | D:7      | Reached XP level 9. HP: 34/68 MP: 9/9
  3988 | D:6      | Reached skill level 7 in Long Blades
  4209 | D:6      | Lost mutation: Scrolls take you a little longer to read.
                  | [potion of mutation]
  4209 | D:6      | Lost mutation: Your natural rate of healing is unusually
                  | fast. [potion of mutation]
  4209 | D:6      | Gained mutation: You have a somewhat thin skeletal
                  | structure. (Dex +2, Stealth) [potion of mutation]
  4209 | D:6      | Gained mutation: You are partially covered in large bone
                  | plates. (SH +4) [potion of mutation]
  4706 | D:6      | Found a stormy altar of Qazlal.
  4728 | D:6      | Noticed Sigmund
  4742 | D:6      | Killed Sigmund
  4742 | D:6      | Reached skill level 1 in Stealth
  4989 | D:6      | Found Votzef's Magic Scroll Shoppe.
  5002 | D:6      | Bought a scroll of magic mapping for 45 gold pieces
  5002 | D:6      | Bought a scroll of blinking for 97 gold pieces
  5002 | D:6      | Bought a scroll of teleportation for 39 gold pieces
  5002 | D:6      | Bought 2 scrolls of remove curse for 78 gold pieces
  5162 | D:6      | Reached skill level 8 in Long Blades
  5577 | D:7      | Reached XP level 10. HP: 74/76 MP: 10/10
  5970 | D:7      | Reached skill level 9 in Long Blades
  6642 | D:7      | Found Oreqiy's Weapon Emporium.
  7165 | D:8      | Noticed Grum
  7642 | D:8      | Found an ornate altar of the Wu Jian Council.
  7642 | D:8      | Found a basalt altar of Yredelemnul.
  7645 | D:8      | Found a sparkling altar of Nemelex Xobeh.
  8089 | D:8      | Found a snail-covered altar of Cheibriados.
  8152 | D:8      | Noticed a two-headed ogre
  8170 | D:8      | HP: 2/115 [two-headed ogre/giant spiked club (5)]
  8171 | D:8      | Killed a two-headed ogre
  8179 | D:8      | Slain by a wolf

Skill      XL: |  1  2  3  4  5  6  7  8  9 10 |
---------------+-------------------------------+-----
Fighting       | 4 5 6 |  6.7
Long Blades    | 3 4 5 6 8 9 |  9.8
Armour         | 4 5 6 7 |  7.4
Shields        | 4 5 6 8 |  8.3
Dodging        | 1 |  1.8
Stealth        | 1 |  1.5
Unarmed Combat | |  0.3
Evocations     | |  0.4

Action                   |  1- 3 |  4- 6 |  7- 9 | 10-12 || total
-------------------------+-------+-------+-------+-------++-------
Melee: Long sword        |   131 |   117 |   552 |   393 ||  1193
       Unarmed           |       |       |     5 |       ||     5
 Abil: Evoke Invisibilit |       |       |     1 |       ||     1
  Use: Potion            |     5 |       |    13 |     6 ||    24
       Scroll            |       |       |    15 |     4 ||    19
 Stab: Invisible         |       |       |     4 |       ||     4
  Eat: Chunk             |     1 |       |     8 |     1 ||    10
       Ration            |     1 |       |     2 |     2 ||     5
Armor: Scale mail        |    13 |       |       |       ||    13
       Plate armour      |    91 |   132 |   351 |   155 ||   729
       Skin              |       |       |       |     1 ||     1
Dodge: Dodged            |    15 |    12 |   109 |    78 ||   214
Block: Shield            |    66 |    83 |    73 |       ||   222
       Buckler           |       |       |   210 |   229 ||   439
       Rpst.: Long sword |     4 |     6 |    33 |    19 ||    62
